 Dungeon Crawl Stone Soup version 0.29.1 (webtiles) character file.

Game seed: 18215558685329438322

6437 greasedhog the Envoy of Void (level 10, 0/59 HPs)
             Began as a Gargoyle Abyssal Knight on Sept 13, 2022.
             Was a High Priest of Lugonu.
             Killed by divine providence
             ... invoked by a smoke demon
             ... summoned by a kobold demonologist
              (17 damage)
             ... on level 9 of the Dungeon.
             The game lasted 00:15:52 (11600 turns).

greasedhog the Envoy of Void (GrAK)                Turns: 11600, Time: 00:15:53

Health: 0/59       AC: 19    Str: 19    XL:     10   Next: 99%
Magic:  17/17      EV:  4    Int: 11    God:    Lugonu [*****.]
Gold:   380        SH: 14    Dex: 19    Spells: 9/9 levels left

rFire   . . .      SeeInvis .   v - +9 whip "Embalmer" {vorpal, rElec rN+ Str-2 Dex+3}
rCold   . . .      Faith    .   B - +0 tower shield
rNeg    + + .      Spirit   .   i - +0 plate armour
rPois   ∞          Reflect  .   (no helmet)
rElec   +          Harm     .   (no cloak)
rCorr   .          Rampage  .   (no gloves)
Will    .....                   (no boots)
Stlth   ..........              (no amulet)
HPRegen 0.19/turn               m - +6 ring of dexterity
MPRegen 0.15/turn               z - ring of flight

@: flying
A: sickness immunity, AC +7, negative energy resistance 1, electricity
resistance, torment resistance 1, petrification resistance
a: Renounce Religion, Depart the Abyss, Bend Space, Banish, Corrupt, Enter the
Abyss


You were on level 9 of the Dungeon.
You worshipped Lugonu.
Lugonu was extremely pleased with you.
You visited 1 branch of the dungeon, and saw 9 of its levels.
You visited the Abyss 1 time.
You also visited: Sewer and Ossuary.

You collected 583 gold pieces.
You spent 203 gold pieces at shops.

Inventory:

Hand Weapons
 v - the +9 whip "Embalmer" (weapon) {vorpal, rElec rN+ Str-2 Dex+3}
   (You found it on level 2 of the Dungeon)

   It inflicts extra damage upon your enemies.
   Str:       It affects your strength (-2).
   Dex:       It affects your dexterity (+3).
   rElec:     It insulates you from electricity.
   rN:        It protects you from negative energy.
Missiles
 y - 2 throwing nets
Armour
 i - a +0 plate armour (worn)
 B - a +0 tower shield (worn)
Jewellery
 m - a +6 ring of dexterity (left hand)
 z - a ring of flight (right hand)
 A - a ring of ice
Wands
 o - a wand of polymorph (6)
 s - a wand of flame (55)
 u - a wand of roots (16)
Scrolls
 b - a scroll of immolation
 e - 6 scrolls of blinking
 h - 2 scrolls of vulnerability
 l - 2 scrolls of teleportation
 n - 5 scrolls of fear
 p - a scroll of magic mapping
 t - a scroll of summoning
 w - a scroll of poison
 C - 2 scrolls of silence
 E - a scroll of enchant weapon
 F - a scroll of enchant armour
Potions
 a - 4 potions of lignification
 d - 3 potions of attraction
 f - 2 potions of might
 g - a potion of brilliance
 j - 4 potions of heal wounds {unknown}
 k - 3 potions of resistance
 q - 3 potions of haste {unknown}
 r - 2 potions of flight {unknown}
 x - 2 potions of mutation {unknown}
 D - 2 potions of berserk rage {unknown}


   Skills:
 * Level 5.3 Fighting
 * Level 9.7 Maces & Flails
 - Level 6.0 Armour
 - Level 5.0 Dodging
 * Level 3.7 Shields
 - Level 10.3 Invocations


You had 9 spell levels left.
You didn't know any spells.
Your spell library contained the following spells:

 Spells                   Type           Power      Damage    Failure   Level
 Foxfire                  Conj/Fire      0%         2x1d4     100%        1
 Shock                    Conj/Air       0%         1d3       100%        1
 Wereblood                Tmut           0%         N/A       100%        2
 Conjure Flame            Conj/Fire      0%         6-21      100%        3
 Gell's Gravitas          Tloc           0%         N/A       100%        3
 Inner Flame              Hex/Fire       0%         N/A       100%        3
 Lesser Beckoning         Tloc           0%         N/A       100%        3
 Portal Projectile        Hex/Tloc       0%         N/A       100%        3
 Swiftness                Air            0%         N/A       100%        3
 Teleport Other           Tloc           0%         N/A       100%        3
 Tukima's Dance           Hex            0%         N/A       100%        3
 Airstrike                Air            0%         2d(0-16)  100%        4
 Flame Wave               Conj/Fire      0%         2d4       100%        4
 Alistair's Intoxication  Tmut/Pois      0%         N/A       100%        5
 Blade Hands              Tmut           0%         N/A       100%        5
 Lightning Bolt           Conj/Air       0%         1d11      100%        5
 Storm Form               Tmut/Air       0%         N/A       100%        7


Dungeon Overview and Level Annotations

Branches:
Dungeon (9/15)             Temple (0/1) D:6           Sewer (visited)
Ossuary (visited)
   Lair: D:8-11         Orc: D:9-12

Altars:
Elyvilon
Trog
Wu Jian
Xom

Shops:
D:5 ?   D:8 (   D:9 *


Innate Abilities, Weirdness & Mutations

You are immune to sickness and miasma.
Your stone body is resilient. (AC +7)
You are immune to poison.
You resist negative energy. (rN+)
You are resistant to electric shocks. (rElec)
You are resistant to unholy torment.
You are immune to petrification.


Message History

HP restored.
Found Xostis's CLEARANCE SALE!.
There is an abandoned shop here.
There is an entrance to Xostis's CLEARANCE SALE! here.
A kobold demonologist comes into view. It is wielding a +0 dagger.
The kobold demonologist shouts!
A kobold demonologist is nearby!
Found 17 gold pieces.
The kobold demonologist hits you but does no damage.
You barely miss the kobold demonologist.
The kobold demonologist looks encouraged for a moment.
You hit the kobold demonologist.
The kobold demonologist is lightly wounded.
The kobold demonologist mumbles some strange words.
You barely miss the kobold demonologist.
The kobold demonologist is lightly wounded.
The kobold demonologist looks encouraged for a moment.
You whack the kobold demonologist!
The kobold demonologist is moderately wounded.
The kobold demonologist mumbles some strange words.
The ice devil hits you. The ice devil freezes you!
You whack the kobold demonologist!
The kobold demonologist is severely wounded.
The kobold demonologist gestures wildly while chanting.
You block the ice devil's attack.
You barely miss the kobold demonologist.
The kobold demonologist is severely wounded.
The kobold demonologist casts a spell.
The ice devil hits you. The ice devil freezes you!!
* * * LOW HITPOINT WARNING * * *
Unknown command.
You hit the kobold demonologist.
The kobold demonologist is almost dead.
The quasit disappears in a puff of smoke!
The iron imp hits you but does no damage.
The kobold demonologist completely misses you.
You block the ice devil's attack. The smoke demon gestures at you.
Something smites you!
You die...

#.. #.. #... #...
#.$.# .. #...5 ##..
#..54#+###########...
#..3K@5....#∩.∩.∩#...
#...###+##........####
#.. #....⌠......# +.
#...........# #
#.#∩.∩.∩#...#
+.#######...# #..#
#...# #..# #...#
.######..# #...#


You could see an ice devil (summoned), a kobold demonologist, a smoke demon
(summoned), an iron imp (summoned), a quasit (summoned) and an ufetubus
(summoned).

Vanquished Creatures
  A troll (D:7)
  Eustachio (D:4)
  A wraith (D:7)
  2 steam dragons
  Menkaure (D:4)
  A water moccasin (D:7)
  An ogre (D:5)
  2 black bears
  3 centaurs
  A phantom (D:7)
  A kobold brigand (D:7)
  The ghost of hawla the Firebug, an amateur DEFE (D:4)
  8 bullfrogs
  4 elf zombies (Ossuary)
  3 necrophages
  2 scorpions
  8 wights (D:7)
  6 hounds
  2 human zombies (Ossuary)
  3 orc priests
  4 centaur zombies (Ossuary)
  6 jellies
  A gnoll bouda (D:7)
  Natasha (thrice) (D:2)
  2 iguanas
  7 orc wizards
  A hound zombie (Ossuary)
  4 mummies
  12 gnolls
  12 adders
  A river rat (D:4)
  A shadow imp (D:7)
  A white imp (D:7)
  2 ufetubi
  5 adder zombies (Ossuary)
  A dart slug (D:2)
  A worm (D:2)
  38 orcs
  3 bats
  9 endoplasms
  6 giant cockroaches
  A gnoll zombie (Ossuary)
  7 hobgoblins
  A jackal (D:1)
  13 quokkas
  10 ball pythons
  15 frilled lizards
  7 goblins
  4 goblin zombies (Ossuary)
  3 hobgoblin zombies (Ossuary)
  2 jackal zombies (Ossuary)
  8 kobolds
  A kobold zombie (Ossuary)
  An orc zombie (Ossuary)
  5 quokka zombies (Ossuary)
  7 rats
  2 rat zombies (Ossuary)
  A bush (D:7)
  A butterfly (D:6)
261 creatures vanquished.

Vanquished Creatures (others)
  A plant (D:1)
1 creature vanquished.

Grand Total: 262 creatures vanquished

Notes
Turn   | Place    | Note
-------+----------+-------------------------------------------
     0 | Abyss:1  | greasedhog the Gargoyle Abyssal Knight began the quest for
                  | the Orb.
     0 | Abyss:1  | Reached XP level 1. HP: 14/14 MP: 2/2
     1 | D:1      | Escaped the Abyss
    48 | D:1      | Reached XP level 2. HP: 17/19 MP: 3/3
   767 | D:1      | Found a faded altar of an unknown god.
   824 | D:1      | Reached XP level 3. HP: 23/24 MP: 4/4
  1520 | D:2      | Identified the +9 whip "Embalmer" {vorpal, rElec rN+ Str-2
                  | Dex+3}
  1533 | D:2      | Noticed Natasha
  1543 | D:2      | Killed Natasha
  1544 | D:2      | Reached skill level 3 in Invocations
  1544 | D:2      | Reached XP level 4. HP: 29/29 MP: 6/6
  1662 | D:2      | Reached *** piety under Lugonu
  1927 | D:2      | Noticed Natasha
  1940 | D:2      | Killed Natasha
  1941 | D:2      | Reached XP level 5. HP: 32/34 MP: 7/7
  2213 | D:2      | Noticed Natasha
  2219 | D:2      | Killed Natasha
  2673 | D:3      | Reached skill level 4 in Invocations
  2831 | D:3      | Reached XP level 6. HP: 40/40 MP: 9/9
  2937 | D:3      | Reached skill level 5 in Fighting
  3215 | D:3      | Got Finagapp's Compendium of the Welkin and Variation
  3574 | D:4      | Found a glowing drain.
  3593 | Sewer    | Entered a sewer
  3853 | Sewer    | Reached **** piety under Lugonu
  4160 | Sewer    | Reached XP level 7. HP: 32/44 MP: 10/10
  4267 | Sewer    | Reached skill level 5 in Invocations
  4775 | D:4      | Noticed Menkaure
  5135 | D:4      | Killed Menkaure
  5136 | D:4      | Reached skill level 5 in Maces & Flails
  5149 | D:4      | Found a runed translucent door.
  5151 | D:4      | Noticed hawla's ghost (amateur DEFE)
  5188 | D:4      | Killed hawla's ghost
  5189 | D:4      | Reached XP level 8. HP: 39/49 MP: 12/12
  5419 | D:4      | Noticed Eustachio
  5435 | D:4      | Killed Eustachio
  5436 | D:4      | Reached skill level 6 in Invocations
  5635 | D:5      | Entered Level 5 of the Dungeon
  5742 | D:5      | Reached skill level 5 in Armour
  6447 | D:5      | Found Qigumipi's Magic Scroll Shoppe.
  6451 | D:5      | Bought a scroll of teleportation for 33 gold pieces
  6451 | D:5      | Bought a scroll of magic mapping for 82 gold pieces
  6451 | D:5      | Bought a scroll of fear for 44 gold pieces
  6451 | D:5      | Bought a scroll of poison for 44 gold pieces
  6927 | D:5      | Reached skill level 7 in Invocations
  7101 | D:6      | Reached ***** piety under Lugonu
  7162 | D:6      | Found a staircase to the Ecumenical Temple.
  7188 | D:6      | Found a white marble altar of Elyvilon.
  7196 | D:6      | Reached skill level 1 in Dodging
  7215 | D:6      | Reached XP level 9. HP: 52/54 MP: 14/14
  7329 | D:6      | Found a bloodstained altar of Trog.
  7829 | D:7      | Reached skill level 8 in Invocations
  7842 | D:7      | Found an ornate altar of the Wu Jian Council.
  8025 | D:7      | Found a sand-covered staircase.
  8101 | Ossuary  | Entered an ossuary
  8744 | D:7      | Reached skill level 9 in Invocations
  8744 | D:7      | Reached XP level 10. HP: 50/59 MP: 16/16
  8894 | D:7      | Banished an unseen horror
  9551 | D:7      | Noticed a five-headed hydra
  9552 | D:7      | Banished a five-headed hydra
  9553 | D:7      | Reached skill level 5 in Dodging
  9584 | D:7      | Noticed a two-headed ogre
  9597 | D:7      | Banished a two-headed ogre
  9598 | D:7      | Reached skill level 1 in Shields
  9598 | D:7      | Reached skill level 10 in Invocations
  9613 | D:7      | HP: 2/59 [troll (9)]
 10934 | D:8      | Found a shimmering altar of Xom.
 11177 | D:8      | Found Zuredij's Antique Weapon Boutique.
 11580 | D:9      | Found Xostis's CLEARANCE SALE!.
 11590 | D:9      | Noticed a kobold demonologist
 11598 | D:9      | Noticed a smoke demon
 11600 | D:9      | Killed from afar by a smoke demon

Illustrated notes

Levels and vault maps discovered:
D:1:      dpeg_arrival_stonehenge_8_columns, layout_basic, serial_bayou,
          serial_bayou_ford_a, serial_bayou_pond_d, serial_bayou_shore_b,
          serial_bayou_pond_a, shapermc_ecumenical_altar_mp_ritualfount,
          grunt_decor_junction, minmay_octomino_c4
D:2:      layout_loops_ring, uniq_natasha
D:3:      layout_basic
D:4:      layout_gridville, ebering_ghost_sewer_d, portal_sewer_entry_b,
          uniq_menkaure, uniq_eustachio
D:5:      layout_loops_corners, serial_shops, shop_fountains
D:6:      layout_loops_ring, mainiacjoe_overflow_catwalk,
          nicolae_overflow_hidden_temple, minmay_temple_entry_butterflies
D:7:      minmay_slanted_spiral_squares, layout_gridville,
          mainiacjoe_overflow_tiny_flanked, gup_ossuary_entry_pyramid,
          minmay_hedge_maze, grunt_decor_cap
D:8:      layout_basic, xom_teletrap_fun, serial_shops,
          nicolae_shop_behind_doors
D:9:      minmay_recursive_quarters, layout_irregular_city,
          nicolae_shop_clearance, uniq_harold, uniq_erolcha, uniq_pikel

Skill      XL: |  1  2  3  4  5  6  7  8  9 10 |
---------------+-------------------------------+-----
Fighting       | 4 5 |  5.3
Invocations    | 3 4 5 7 9 10 | 10.3
Maces & Flails | 3 4 5 6 8 9 |  9.7
Armour         | 3 4 6 |  6.0
Dodging        | 1 4 5 |  5.0
Shields        | 3 |  3.7

Action                   |  1- 3 |  4- 6 |  7- 9 | 10-12 || total
-------------------------+-------+-------+-------+-------++-------
Melee: Mace              |    98 |    73 |       |       ||   171
       Punch             |     1 |     3 |     9 |       ||    13
       Unarmed           |       |     5 |       |       ||     5
       Flail             |       |   158 |   210 |       ||   368
       Whip              |       |       |   297 |   130 ||   427
Invok: Banish            |       |       |       |     8 ||     8
       Bend Space        |       |       |       |     1 ||     1
Evoke: Wand              |       |       |     4 |       ||     4
  Use: Scroll            |     2 |     3 |     6 |     3 ||    14
       Potion            |       |       |     1 |     3 ||     4
Armor: Leather armour    |     7 |       |       |       ||     7
       Ring mail         |    37 |       |       |       ||    37
       Plate armour      |    18 |   218 |   410 |   143 ||   789
       Skin              |       |     3 |       |       ||     3
Dodge: Dodged            |    52 |    66 |   165 |    22 ||   305
Block: Tower shield      |       |       |       |   109 ||   109
